 Dungeon Crawl Stone Soup version 0.24-a0-278-gefa1973 (webtiles) character file.

Game seed: 3639663175396111487

9776 fert the Fighter (level 11, -3/107 HPs)
             Began as a Minotaur Monk on Apr 30, 2019.
             Was a High Priest of Okawaru.
             Slain by Snorg (12 damage)
             ... on level 10 of the Dungeon.
             The game lasted 00:22:42 (10735 turns).

fert the Fighter (Minotaur Monk)                   Turns: 10735, Time: 00:22:43

Health: -3/107     AC: 12    Str: 18    XL:     11   Next: 27%
Magic:  10/10      EV: 11    Int:  7    God:    Okawaru [*****.]
Gold:   532        SH:  0    Dex: 17    Spells: 10/10 levels left

rFire    . . .     SeeInvis .   j - +2 quarterstaff (chaos)
rCold    . . .     Gourm    .   (shield currently unavailable)
rNeg     . . .     Faith    .   L - +4 scale mail
rPois    .         Spirit   .   (helmet restricted)
rElec    .         Reflect  .   T - scarf {repulsion}
rCorr    .         Harm     .   (no gloves)
MR       .....                  (no boots)
Stlth    +.........             (no amulet)
HPRegen  0.27/turn              K - +2 ring of protection
MPRegen  0.12/turn              i - +3 ring of dexterity

@: about to teleport, repel missiles
A: retaliatory headbutt, horns 2
a: Heroism, Finesse, Renounce Religion


You were on level 10 of the Dungeon.
You worshipped Okawaru.
Okawaru was extremely pleased with you.
You were not hungry.

You visited 2 branches of the dungeon, and saw 11 of its levels.

You collected 532 gold pieces.

Inventory:

Hand Weapons
 j - a +2 quarterstaff of chaos (weapon)
 s - a +3 whip
 u - a +2 mace of protection
Missiles
 P - 5 tomahawks (quivered)
 Q - 5 javelins
 S - 5 tomahawks of returning
Armour
 p - a +2 cloak of magic resistance
 L - a +4 scale mail (worn)
 T - a scarf of repulsion (worn)
Jewellery
 i - a +3 ring of dexterity (right hand)
 r - an uncursed ring of protection from magic
 K - a +2 ring of protection (left hand)
 O - an uncursed ring of see invisible
Wands
 d - a wand of paralysis (7)
 x - a wand of iceblast (18)
 C - a wand of digging (2)
 E - a wand of clouds (3)
 M - a wand of flame (14)
Scrolls
 a - 2 scrolls of amnesia
 b - 4 scrolls of magic mapping
 f - 2 scrolls of immolation
 g - a scroll of blinking {unknown}
 h - a scroll of enchant weapon {unknown}
 o - 2 scrolls of fog
 q - a scroll of enchant armour {unknown}
 t - 2 scrolls of silence {unknown}
 y - 2 scrolls of teleportation
 A - a scroll of fear {unknown}
 D - 5 scrolls of remove curse
 H - a scroll of vulnerability {unknown}
Potions
 e - a potion of brilliance {unknown}
 k - 5 potions of flight
 m - 5 potions of heal wounds
 n - a potion of resistance {unknown}
 v - 2 potions of invisibility
 w - 4 potions of agility
 z - 3 potions of haste
 B - a potion of might {unknown}
 F - 2 potions of magic {unknown}
 G - a potion of berserk rage {unknown}
 J - 6 potions of curing
 N - 2 potions of lignification
 R - a potion of degeneration {unknown}
Comestibles
 c - 23 rations


   Skills:
 + Level 13.0 Fighting
 - Level 3.6(8.7) Maces & Flails
 - Level 12.0(12.2) Staves
 - Level 12.6 Throwing
 - Level 3.2 Dodging
 - Level 1.5 Stealth


You had 10 spell levels left.
You didn't know any spells.
Your spell library contained the following spells:

 Spells                   Type           Power        Failure   Level  Hunger
 Magic Dart               Conj           #...         85%         1    ##.....
 Blink                    Tloc           N/A          94%         2    ###....
 Call Imp                 Summ           #.......     94%         2    ###....
 Slow                     Hex            #.......     94%         2    ###....
 Conjure Flame            Conj/Fire      #.......     99%         3    ####...
 Mephitic Cloud           Conj/Pois/Air  #.......     99%         3    ####...
 Cause Fear               Hex            #.........   100%        4    #####..
 Silence                  Hex/Air        #.........   100%        5    ######.
 Yara's Violent Unravell  Hex/Tmut       #.........   100%        5    ######.
 Deflect Missiles         Chrm/Air       #.........   100%        6    #######
 Discord                  Hex            #.........   100%        8    #######


Dungeon Overview and Level Annotations

Branches:
Dungeon (10/15)            Temple (1/1) D:6            Lair (0/6) D:8
    Orc: D:9-12

Altars:
Ashenzari
Cheibriados
Dithmenos
Elyvilon
Fedhas
Gozag
Hepliaklqana
Kikubaaqudgha
Makhleb
Nemelex Xobeh
Okawaru
Qazlal
Ru
Sif Muna
Trog
Uskayaw
Vehumet
Wu Jian
Xom
Yredelemnul
Zin
The Shining One

Shops:
D:10 =

Annotations:
D:10 Snorg


Innate Abilities, Weirdness & Mutations

You reflexively headbutt those who attack you in melee.
You have a pair of horns on your head.


Message History

Found a cloak.
Snorg the Insatiable comes into view.
An ogre comes into view. It is wielding a +0 giant club.
The ogre shouts!
Snorg goes berserk!
Snorg bites you but does no damage. Snorg claws you!! x2
The ogre hits you with a +0 giant club! Snorg bites you.
Snorg claws you but does no damage. Snorg closely misses you. Snorg bites you!!
* * * LOW HITPOINT WARNING * * *
Snorg closely misses you. Snorg claws you!
* * * LOW HITPOINT WARNING * * *
The ogre hits you with a +0 giant club.
* * * LOW HITPOINT WARNING * * *
As you read the scroll of teleportation, it crumbles to dust.
You feel strangely unstable. Snorg misses you. You furiously retaliate!
You headbutt Snorg. Snorg misses you. Snorg claws you.
* * * LOW HITPOINT WARNING * * *
Snorg bites you!
You die...

######## #####
#......# ##...##
#.####.##### ##.....#
#.# #.#....
#....OT####.####.#.###
#....@.............# #
#.#...#####...##.#.###
##### #.....#.#....
##......###.# ##.#####
#.# #.# ##.# #.# #...
##'## ###.#.
##...###..>#.


You could see Snorg (berserk) and an ogre.

Vanquished Creatures
  Harold (D:7)
  A two-headed ogre (D:6)
  Pikel (D:9)
  An ugly thing (D:9)
  A manticore (shapeshifter) (D:7)
  Joseph (D:7)
  Psyche (D:9)
  A hornet (D:8)
  A troll (D:10)
  A hippogriff (D:9)
  Sigmund (D:2)
  A yak (D:9)
  A wyvern (D:9)
  A hungry ghost (D:7)
  3 ice beasts
  3 sky beasts
  3 orc warriors
  4 slaves (D:9)
  A hornet zombie (D:10)
  3 phantoms
  3 ogres
  2 centaurs
  Blork the orc (D:4)
  2 crocodiles
  3 big kobolds
  4 bullfrogs
  4 scorpions
  10 killer bees (D:10)
  A howler monkey (D:6)
  5 crimson imps
  Crazy Yiuf (D:2)
  3 centaur zombies
  7 orc priests
  7 hounds
  A centaur skeleton (D:6)
  Jessica (D:3)
  4 iguanas
  Terence (D:2)
  8 worker ants
  Natasha (twice) (D:3)
  6 orc wizards
  2 hound zombies (D:5)
  2 worker ant zombies
  3 gnolls (D:3)
  14 adders
  2 shadow imps
  2 oozes
  An adder skeleton (D:4)
  3 worms
  4 dart slugs
  4 leopard geckos
  41 orcs
  7 giant cockroaches
  17 goblins
  5 hobgoblins
  15 jackals
  5 quokkas
  2 ball pythons
  11 bats
  7 frilled lizards
  28 kobolds
  3 leopard gecko skeletons (D:5)
  A quokka skeleton (D:4)
  3 quokka zombies
  6 rats
295 creatures vanquished.

Vanquished Creatures (collateral kills)
  A kobold (D:8)
1 creature vanquished.

Vanquished Creatures (others)
  The ghost of TheOvate the Nimble, a novice DrEn (D:6)
  A fungus (D:8)
2 creatures vanquished.

Grand Total: 298 creatures vanquished

Notes
Turn   | Place    | Note
-------+----------+-------------------------------------------
     0 | D:1      | fert the Minotaur Monk began the quest for the Orb.
     0 | D:1      | Reached XP level 1. HP: 19/19 MP: 0/0
    94 | D:1      | Reached skill level 4 in Fighting
   161 | D:1      | Reached XP level 2. HP: 22/28 MP: 1/1
   918 | D:2      | Reached skill level 5 in Fighting
   921 | D:2      | Reached XP level 3. HP: 15/36 MP: 2/2
  1147 | D:2      | Found a runed translucent door.
  1148 | D:2      | Noticed Crazy Yiuf
  1316 | D:2      | Reached skill level 6 in Fighting
  1316 | D:2      | Reached XP level 4. HP: 18/44 MP: 3/3
  1724 | D:2      | Found a blossoming altar of Fedhas.
  1727 | D:2      | Noticed Terence
  1739 | D:2      | Killed Terence
  1785 | D:2      | Noticed Sigmund
  1798 | D:2      | Killed Sigmund
  1798 | D:2      | Reached skill level 8 in Fighting
  1798 | D:2      | Reached XP level 5. HP: 27/53 MP: 4/4
  1798 | D:2      | Reached XP level 6. HP: 31/61 MP: 5/5
  2252 | D:2      | Killed Crazy Yiuf
  2455 | D:3      | Noticed Natasha
  2462 | D:3      | Killed Natasha
  2462 | D:3      | Reached skill level 1 in Staves
  2770 | D:3      | Reached XP level 7. HP: 52/69 MP: 6/6
  2832 | D:3      | Noticed Natasha
  2837 | D:3      | Killed Natasha
  2977 | D:3      | Found a snail-covered altar of Cheibriados.
  3104 | D:3      | Noticed Jessica
  3112 | D:3      | Killed Jessica
  3280 | D:4      | Reached skill level 5 in Staves
  3657 | D:4      | Noticed Blork the orc
  3665 | D:4      | Killed Blork the orc
  3693 | D:5      | Entered Level 5 of the Dungeon
  3739 | D:5      | Reached XP level 8. HP: 74/75 MP: 7/7
  4664 | D:5      | Found a shimmering altar of Xom.
  4667 | D:5      | Reached skill level 10 in Staves
  5245 | D:6      | Reached XP level 9. HP: 82/82 MP: 8/8
  5254 | D:6      | Found a large runed translucent door.
  5254 | D:6      | Found a large runed translucent door.
  5256 | D:6      | Noticed TheOvate's ghost (novice DrEn)
  5665 | D:6      | Noticed a two-headed ogre
  5675 | D:6      | Killed a two-headed ogre
  5675 | D:6      | Reached skill level 10 in Fighting
  5960 | D:6      | Found a staircase to the Ecumenical Temple.
  5969 | Temple   | Entered the Ecumenical Temple
  6087 | Temple   | Became a worshipper of Warmaster Okawaru
  6087 | Temple   | Reached * piety under Okawaru
  6087 | Temple   | Reached ** piety under Okawaru
  6203 | D:6      | Banished TheOvate's ghost
  6261 | D:7      | Noticed Harold
  6273 | D:7      | Reached skill level 11 in Fighting
  6283 | D:7      | Killed Harold
  6283 | D:7      | Reached skill level 12 in Fighting
  6283 | D:7      | Reached XP level 10. HP: 39/97 MP: 9/9
  6496 | D:7      | Noticed a manticore
  6496 | D:7      | a shapeshifter changed into a manticore
  6503 | D:7      | Killed a manticore
  6503 | D:7      | Reached *** piety under Okawaru
  6591 | D:7      | Found a shattered altar of Ashenzari.
  6622 | D:7      | Noticed Joseph
  6632 | D:7      | Killed Joseph
  6632 | D:7      | Reached skill level 13 in Fighting
  6742 | D:7      | Reached skill level 1 in Throwing
  6780 | D:7      | Found a radiant altar of Vehumet.
  7217 | D:8      | Paralysed by a hornet for 1 turns
  7220 | D:8      | Reached skill level 5 in Throwing
  7346 | D:8      | Reached **** piety under Okawaru
  7765 | D:8      | Received a gift from Okawaru
  7782 | D:8      | Found a staircase to the Lair.
  7876 | D:8      | Found a hide-covered altar of Uskayaw.
  7876 | D:8      | Found a glowing golden altar of the Shining One.
  8743 | D:9      | Noticed Pikel
  8755 | D:9      | Killed Pikel
  8755 | D:9      | Reached skill level 10 in Throwing
  9033 | D:9      | Noticed Psyche
  9064 | D:9      | Killed Psyche
  9064 | D:9      | Received a gift from Okawaru
  9092 | D:9      | Reached XP level 11. HP: 86/107 MP: 10/10
  9392 | D:9      | Noticed a cyan ugly thing
  9410 | D:9      | Killed a cyan ugly thing
  9897 | D:10     | Entered Level 10 of the Dungeon
  9897 | D:10     | Found Esong's Jewellery Shoppe.
 10352 | D:10     | Reached ***** piety under Okawaru
 10731 | D:10     | Noticed Snorg
 10735 | D:10     | Slain by Snorg

Levels and vault maps discovered:
D:1:      nicolae_arrival_memento_mori, layout_basic
D:2:      minmay_spotlight, layout_basic, fedhas_altar_1, first_ration,
          minmay_3d_cube, uniq_terence, uniq_crazy_yiuf_cottage, uniq_sigmund
D:3:      layout_basic, hex_intersection, cheibriados_altar_1, uniq_natasha,
          uniq_jessica
D:4:      layout_rooms, minmay_ogre_servants, uniq_blork_the_orc
D:5:      layout_loops_corners, xom_confusion_cloud
D:6:      layout_gridville, lemuel_temple_firewalk_a,
          ebering_ghost_disaster_area, minmay_manual_macuahuitl
D:7:      layout_rooms, evilmike_ruin_ashenzari, vehumet_altar_wand_db,
          uniq_joseph, uniq_harold
D:8:      layout_layer_cave, gammafunk_temple_overflow_statue, dpeg_oklobed_lair
D:9:      minmay_razor_zed, layout_loops_ring, uniq_psyche, uniq_pikel
D:10:     minmay_opposing_rooms, layout_loops_corners, serial_shops, shop,
          uniq_fannar, uniq_snorg
Temple:   minmay_crystal_spiral_temple

Skill      XL: |  1  2  3  4  5  6  7  8  9 10 11 |
---------------+----------------------------------+-----
Fighting       | 4 5 6 8 12 13 | 13.0
Staves         | 4 8 11 12 | 12.0
Throwing       | 11 12 | 12.6
Maces & Flails | |  3.6
Dodging        | |  3.2
Stealth        | |  1.5

Action                   |  1- 3 |  4- 6 |  7- 9 | 10-12 || total
-------------------------+-------+-------+-------+-------++-------
Melee: Mace              |    19 |       |       |       ||    19
       Spear             |    73 |       |       |       ||    73
       Headbutt          |     7 |    20 |    60 |    71 ||   158
       Whip              |       |    61 |       |       ||    61
       Quarterstaff      |       |    46 |   265 |   311 ||   622
Invok: Heroism           |       |       |       |     1 ||     1
  Use: Scroll            |       |     4 |     4 |     9 ||    17
       Potion            |       |       |       |     1 ||     1
 Stab: Sleeping          |     1 |       |       |       ||     1
       Confused          |       |     1 |     1 |     2 ||     4
       Paralysed         |       |     1 |       |     6 ||     7
  Eat: Chunk             |     1 |     5 |    11 |    11 ||    28
       Ration            |       |       |       |     1 ||     1
Armor: Robe              |    10 |       |       |       ||    10
       Ring mail         |    20 |    18 |       |       ||    38
       Chain mail        |       |    39 |    79 |       ||   118
       Plate armour      |       |       |    51 |     6 ||    57
       Scale mail        |       |       |       |   156 ||   156
Dodge: Dodged            |    86 |    68 |    88 |   146 ||   388
       Deflected         |       |       |       |     1 ||     1

Table legend:
 A = Non-vault XP
 B = Vault XP
 C = Vault XP percentage of total XP
 D = Non-vault monster count
 E = Vault monster count
 F = Vault count percentage of total count
                 A         B        C        D         E       F
            +---------+---------+-------+---------+---------+-------
      Total |    8403 |    5564 |  39.8 |     250 |      43 |  14.7
            +---------+---------+-------+---------+---------+-------
        D:1 |      34 |       0 |   0.0 |      20 |       0 |   0.0
        D:2 |     117 |     320 |  73.2 |      26 |       9 |  25.7
        D:3 |     295 |      72 |  19.6 |      30 |       2 |   6.2
        D:4 |     229 |     236 |  50.8 |      17 |      10 |  37.0
        D:5 |    1015 |      72 |   6.6 |      26 |       5 |  16.1
        D:6 |     832 |    1190 |  58.9 |      30 |       4 |  11.8
        D:7 |    1437 |    1459 |  50.4 |      20 |       3 |  13.0
        D:8 |    1820 |       0 |   0.0 |      31 |       0 |   0.0
        D:9 |    1016 |    2215 |  68.6 |      22 |      10 |  31.2
       D:10 |    1608 |       0 |   0.0 |      28 |       0 |   0.0
            +---------+---------+-------+---------+---------+-------
